 Dungeon Crawl Stone Soup version 0.18.1-5-g4a78601 (webtiles) character file.

196 Gargoyl the Skirmisher (level 5, -1/43 HPs)
             Began as a Demonspawn Abyssal Knight on May 13, 2016.
             Was a Believer of Lugonu.
             Slain by Crazy Yiuf
             ... wielding a +4 quarterstaff of chaos
              (9 damage)
             ... on level 3 of the Dungeon.
             The game lasted 00:05:53 (3268 turns).

Gargoyl the Skirmisher (Demonspawn Abyssal Knight)  Turns: 3268, Time: 00:05:55

Health: -1/43      AC: 10    Str: 15    XL:     5   Next: 45%
Magic:  0/7        EV: 10    Int: 13    God:    Lugonu [**....]
Gold:   201        SH:  0    Dex: 13    Spells: 0 memorised, 4 levels left

rFire  . . .     SeeInvis .     a - +1 hand axe
rCold  . . .     Gourm    .     k - +0 scale mail
rNeg   . . .     Faith    .     (no shield)
rPois  .         Spirit   +     (helmet restricted)
rElec  .         Dismiss  .     (no cloak)
rCorr  .         Reflect  .     (no gloves)
SustAt .         Harm     .     (no boots)
MR     .....                    (no amulet)
Stlth  ..........               (no ring)
                                i - +2 ring of strength

@: lethally poisoned (-1 -> -4), drained, not resistant to hostile enchantments,
extremely unstealthy
A: antennae 1, iridescent scales 1, magic shield
a: Depart the Abyss, Bend Space, Renounce Religion


You were on level 3 of the Dungeon.
You worshipped Lugonu.
Lugonu was pleased with you.
You were not hungry.

You visited 1 branch of the dungeon, and saw 3 of its levels.
You visited the Abyss 1 time.

You collected 201 gold pieces.

Inventory:

Hand Weapons
 a - a +1 hand axe (weapon)
 g - a +2 flail of protection
Armour
 k - a +0 scale mail (worn)
Jewellery
 b - an uncursed ring of ice
 i - a +2 ring of strength (left hand)
Wands
 d - a wand of paralysis (24/24)
Scrolls
 h - a scroll of fog {unknown}
 j - a scroll of enchant weapon {unknown}
Miscellaneous
 e - a lamp of fire
Comestibles
 c - 2 bread rations
 f - 2 fruits


   Skills:
 + Level 4.3(4.1) Fighting
 + Level 2.7(2.5) Axes
 * Level 2.4(2.1) Armour
 + Level 2.6(2.4) Dodging
 + Level 0.2(0.0) Stealth
 + Level 2.7(2.5) Invocations


You had 4 spell levels left.
You didn't know any spells.

Dungeon Overview and Level Annotations

Branches:
Dungeon (3/15)

Altars:
Vehumet
Xom
Zin

Annotations:
D:3 Crazy Yiuf


Innate Abilities, Weirdness & Mutations

You have a pair of small antennae on your head.
You are partially covered in iridescent scales (AC +4).
When hurt, damage is shared between your health and your magic reserves.


Message History

Crazy Yiuf is lightly wounded.
Crazy Yiuf hits you with a quarterstaff of chaos.
Crazy Yiuf freezes you.
All of the chunks of flesh in your inventory have rotted away.
You hit Crazy Yiuf.
Crazy Yiuf is moderately wounded.
You feel sick.
Crazy Yiuf hits you with a quarterstaff of chaos.
You hit Crazy Yiuf.
Crazy Yiuf is heavily wounded.
Crazy Yiuf hits you with a quarterstaff of chaos!
You are electrocuted!
* * * LOW HITPOINT WARNING * * *
Your scale mail prevents you from hitting Crazy Yiuf.
Crazy Yiuf is heavily wounded.
You feel sick.
Crazy Yiuf hits you with a quarterstaff of chaos.
* * * LOW HITPOINT WARNING * * *
You are electrocuted!
You die...

.†..##...............#
......)..########.####
......<.## #..#
........# ####
........# ........#
####....#### ###
#.....#.## ###..)#
#..[.....####@g...#
##.........#..##...#
#......#..#.### ###
#.....####### #.....#
#.###.# #.# #.# #.#
#.# ###.# #..


You could see Crazy Yiuf.

Vanquished Creatures
  A howler monkey (D:2)
  An orc wizard (D:3)
  Terence (D:3)
  3 adders
  An ooze (D:2)
  A dart slug (D:2)
  3 giant geckos
  7 orcs
  5 bats
  7 giant cockroaches
  5 goblins
  4 hobgoblins
  5 kobolds
  2 ball pythons
  12 giant newts
  8 rats
66 creatures vanquished.

Vanquished Creatures (others)
  A worm (D:2)
1 creature vanquished.

Grand Total: 67 creatures vanquished

Notes
Turn   | Place    | Note
--------------------------------------------------------------
     0 | Abyss:1  | Gargoyl the Demonspawn Abyssal Knight began the quest for the Orb.
     0 | Abyss:1  | Reached XP level 1. HP: 18/18 MP: 2/2
   111 | Abyss:2  | Noticed a large abomination
   114 | Abyss:2  | Noticed an ancient zyme
   115 | D:1      | Escaped the Abyss
   139 | D:1      | Reached skill level 1 in Dodging
   409 | D:1      | Reached * piety under Lugonu
   432 | D:1      | Gained mutation: You are partially covered in iridescent scales (AC +4). [demonic ancestry]
   432 | D:1      | Reached XP level 2. HP: 8/24 MP: 3/3
  1321 | D:1      | Gained mutation: You have a pair of small antennae on your head. [demonic ancestry]
  1321 | D:1      | Reached XP level 3. HP: 29/29 MP: 5/5
  1650 | D:2      | Reached ** piety under Lugonu
  1724 | D:2      | Found a radiant altar of Vehumet.
  1879 | D:2      | Found a shimmering altar of Xom.
  1883 | D:2      | Noticed an angel
  1886 | D:2      | Found a glowing silver altar of Zin.
  2259 | D:2      | Reached XP level 4. HP: 33/37 MP: 6/6
  2354 | D:3      | Reached skill level 4 in Fighting
  2652 | D:3      | Noticed Terence
  2665 | D:3      | Gained mutation: When hurt, damage is shared between your health and your magic reserves. [demonic ancestry]
  2665 | D:3      | Reached XP level 5. HP: 42/42 MP: 7/7
  2705 | D:3      | Killed Terence
  3258 | D:3      | Noticed Crazy Yiuf
  3268 | D:3      | Slain by Crazy Yiuf

Skill      XL: |  1  2  3  4 |
---------------+-------------+-----
Dodging        | 1 2 |  2.6
Axes           | 2 |  2.7
Armour         | 2 |  2.4
Fighting       | 4 |  4.3
Stealth        | |  0.2
Invocations    | |  2.7

Action                   |  1- 3 |  4- 6 || total
-------------------------+-------+-------++-------
Melee: Hand axe          |   159 |   121 ||   280
       Flail             |       |    16 ||    16
Invok: Depart the Abyss  |     1 |       ||     1
  Use: Scroll            |     3 |       ||     3
       Potion            |       |     1 ||     1
 Stab: Sleeping          |     1 |       ||     1
  Eat: Chunk             |     5 |     3 ||     8
Armor: Leather armour    |    73 |    20 ||    93
       Scale mail        |       |    47 ||    47
Dodge: Dodged            |   123 |    96 ||   219
